Map: Star Crafts Mod

Players

MrFercho - Winner!

  • Race: Terran Terran
  • Spawn Location: 12:00

tigro

  • Race: Terran Terran
  • Spawn Location: 3:00

VOD

Have the link to the VOD?

Description

Time

  • Played on: Aug. 1, 2019, 10:50 p.m.
  • Length: 12:08
Show
View Real Time Build Order
Export as new Build Order

MrFercho Terran - Winner!

Build Orders:  

Get SALT Encoding   

  12  0:03  SCV  
  13  0:15  SCV  
  14  0:22  Supply Depot  
  14  0:27  SCV  
  15  0:40  Refinery  
  15  0:44  SCV  
  16  0:53  Engineering Bay  
  16  0:56  SCV  
  17  1:08  SCV  
  18  1:20  SCV  
  19  1:26  Barracks  
  19  1:32  SCV  
  20  1:44  SCV  
  20  1:45  Supply Depot  
  21  2:22  Reaper  
  21  2:31  Barracks  
  21  2:37  Factory  
  21  2:38  SCV  
  22  2:48  Refinery  
  22  2:50  SCV  
  23  2:54  Reaper  
  24  3:03  SCV  
  25  3:15  SCV  
  26  3:20  Barracks Tech Lab  
  26  3:26  Factory Tech Lab  
  26  3:27  SCV  
  27  3:43  Starport  
  27  3:49  Cyclone  
  30  3:59  Supply Depot  
  29  4:21  Supply Depot  
  28  4:25  Barracks Tech Lab  
  28  4:28  Marauder  
  30  4:32  Medivac  
  32  4:38  SCV  
  32  4:44  Liberator  
  33  4:49  Marauder  
  33  4:50  SCV  
  36  5:03  SCV  
  40  5:09  Engineering Bay, Terran Infantry Weapons Level 1  
  40  5:15  SCV  
  41  5:22  Armory  
  34  7:53  Siege Tank  
  34  7:56  Marine x2  
  39  8:04  Starport Tech Lab  
  39  8:14  Marine x2  
  41  8:25  Siege Tank  
  44  8:32  Marauder  
  46  8:52  Combat Shield  
  46  8:58  Concussive Shells  
  46  9:04  Marauder  
Show
View Real Time Build Order
Export as new Build Order

tigro Terran 

Build Orders:  

Get SALT Encoding   

  12  0:05  SCV  
  13  0:18  Supply Depot  
  13  0:21  SCV  
  14  0:33  SCV  
  15  0:36  Refinery  
  15  0:42  Refinery  
  15  0:57  Barracks, SCV  
  16  1:09  SCV  
  17  1:21  SCV  
  18  1:48  Engineering Bay  
  18  1:52  Marine  
  19  2:10  Marine  
  20  2:28  Marine  
  21  2:40  Missile Turret  
  21  2:46  Marine  
  22  3:04  Marine  
  23  3:06  Supply Depot  
  23  3:27  Marine  
  24  3:45  Marine  
  23  4:28  Barracks Tech Lab  
  23  4:53  Combat Shield  
  23  4:59  Command Center  
  23  5:15  Marauder  
  25  5:35  Planetary Fortress  
  22  5:36  Marauder  
  19  5:58  Marauder  
  21  6:12  Stimpack  
  21  6:17  SCV  
  22  6:19  Marauder  
  24  6:26  Planetary Fortress  
  24  6:29  SCV  
  25  6:40  Marauder  
  25  6:41  SCV  
  28  6:53  SCV  
  29  7:06  SCV  
  24  7:13  Marine  
  21  7:31  Marine  
  15  7:49  Marine  
  11  7:52  Concussive Shells  
  8  8:06  Marine  
  8  8:07  Missile Turret  
  6  8:24  Marine  
  6  8:42  Marine  
  3  9:00  Marine, SCV  
  5  9:12  SCV  
  5  9:18  Marine  
  6  9:24  SCV  
  5  9:35  Marine  
  6  9:53  Marine  
  5  10:11  Marine  
  4  10:29  Marine  
  5  10:47  Marine  
Tags
 
Matchup
TvT
Race
Terran
Replay Pack
MrFercho
Spawn Locations
Close Positions
Add a new tag
Caveats
  • Supply blocks, unpowered buildings, or Contaminate may cause inaccurate times.
  • Supply counts are checked every 10 seconds.